 Dungeon Crawl Stone Soup version 0.31-a0-819-gf6de2f5ab6 (webtiles) character file.

Game seed: 2580218212930971289

517 Dirtsage the Chopper (level 7, 52/52 HPs)
             Began as a Demonspawn Fighter on Sept 23, 2023.
             Quit the game on level 5 of the Dungeon.
             The game lasted 00:04:39 (3422 turns).

Dirtsage the Chopper (Demonspawn Fighter)           Turns: 3422, Time: 00:04:39

Health: 52/52      AC:  7    Str: 25    XL:     7   Next: 0%
Magic:  7/7        EV: 24    Int:  9    God:
Gold:   259        SH:  4    Dex: 12    Spells: 6/6 levels left

rFire   . . .        a - +0 war axe
rCold   . . .        c - +0 buckler
rNeg    . . .        b - +0 scale mail
rPois   .            (helmet unavailable)
rElec   .            (no cloak)
rCorr   +            v - +0 pair of gloves
SInv    +            (no boots)
Will    .....        n - amulet of the acrobat Stlth
                     C - ring of resist corrosion
HPRegen 0.28/turn    y - +6 ring of strength
MPRegen 0.10/turn

%: acrobat
@: acrobatic
A: antennae 3, demonic guardian 1
a: no special abilities


You were on level 5 of the Dungeon.
You visited 1 branch of the dungeon, and saw 5 of its levels.

You collected 259 gold pieces.

Inventory:

Hand Weapons
 a - a +0 war axe (weapon)
Armour
 b - a +0 scale mail (worn)
 c - a +0 buckler (worn)
 v - a +0 pair of gloves (worn)
Magical Staves
 s - a staff of conjuration
Jewellery
 n - an amulet of the acrobat (around neck)
 y - a +6 ring of strength (right hand)
 C - a ring of resist corrosion (left hand)
Wands
 t - a wand of quicksilver (14)
Scrolls
 e - 2 scrolls of teleportation {unknown}
 f - 2 scrolls of brand weapon {unknown}
 h - 2 scrolls of silence {unknown}
 i - a scroll of fear {unknown}
 j - 2 scrolls of enchant armour {unknown}
 k - 2 scrolls of immolation {unknown}
 l - 2 scrolls of identify {unknown}
 m - a scroll of noise {unknown}
 p - a scroll of fog {unknown}
 q - 3 scrolls of revelation {unknown}
 r - a scroll of vulnerability {unknown}
Potions
 d - a potion of might
 g - 2 potions of magic {unknown}
 o - a potion of mutation {unknown}
 u - 2 potions of brilliance {unknown}
 w - a potion of haste {unknown}
 x - 3 potions of resistance {unknown}
 z - 3 potions of curing {unknown}


   Skills:
 - Level 3.0 Fighting
 + Level 7.0 Axes
 - Level 2.6 Armour
 - Level 2.6 Shields


You had 6 spell levels left.
You didn't know any spells.
Your spell library contained the following spells:

 Spells                   Type           Power      Damage    Failure   Level
 Summon Small Mammal      Summ           0%         N/A       75%         1
 Cigotuvi's Dreadful Rot  Necr/Pois/Air  0%         N/A       87%         2
 Ensorcelled Hibernation  Hex/Ice        0%         N/A       87%         2
 Jinxbite                 Hex            0%         N/A       87%         2
 Call Canine Familiar     Summ           0%         N/A       98%         3
 Summon Guardian Golem    Hex/Summ       0%         N/A       98%         3
 Anguish                  Hex/Necr       0%         N/A       100%        4
 Dispel Undead            Necr           0%         3d6       100%        4
 Death Channel            Necr           0%         N/A       100%        6


Dungeon Overview and Level Annotations

Branches:
Dungeon (5/15)
 Temple: D:4-7

Altars:


Innate Abilities, Weirdness & Mutations

You have a pair of large antennae on your head. (SInv)
A weak demonic guardian rushes to your aid.


Message History

The hound bites you.
* * * LOW HITPOINT WARNING * * *
The scorpion closely misses you.
You take 3 damage, and have 13/47 hp.
You slash the scorpion!
You kill the scorpion!
You barely miss the hound.
You feel sick.
You are no longer poisoned.
You block the hound's attack. The hound bites you but does no damage.
You take 2 damage, and have 11/47 hp.
You closely miss the hound.
The hound is moderately wounded.
The hound bites you but does no damage. The hound closely misses you.
You hit the hound.
The hound is heavily wounded.
The hound pauses to sniff the ground.
The hound bites you.
* * * LOW HITPOINT WARNING * * *
The hound closely misses you.
You take 3 damage, and have 9/47 hp.
You slash the hound!
You kill the hound!
You see here a hound corpse.
You sense a monster nearby.
Health restored: 47 You sense a monster nearby.
You sense a monster nearby.
An iguana comes into view.
The iguana completely misses you.
You hit the iguana but do no damage. You block the iguana's attack.
You slash the iguana!
You kill the iguana!
Your Axes skill increases to level 7!
You have reached level 7!
Your demonic ancestry asserts itself...
You feel the presence of a demonic guardian.
Health restored: 52; MP restored: 7 You see here an iguana corpse.
Found a stone staircase leading down.
Are you sure you want to abandon this character and quit the game? (Confirm with "yes".)

#....#.#
####.#.#
#†#.#
#.#.#
#.#.#
#.#.#
###...#
#.....#
#.###@#
#.
#...).>..
#
#########


There were no monsters in sight!

Vanquished Creatures
  A black bear (D:5)
  A phantom (D:5)
  A scorpion (D:5)
  A howler monkey (D:4)
  A hound (D:5)
  2 iguanas (D:5)
  5 adders
  3 shadow imps (D:5)
  3 worms
  6 dart slugs
  3 orcs
  8 ball pythons
  8 endoplasms
  4 giant cockroaches
  8 goblins
  6 hobgoblins
  5 jackals
  3 quokkas (D:3)
  9 bats
  2 frilled lizards
  6 kobolds
  6 rats
92 creatures vanquished.

Notes
Turn   | Place    | Note
-------+----------+-------------------------------------------
     0 | D:1      | Dirtsage the Demonspawn Fighter began the quest for the
                  | Orb.
     0 | D:1      | Reached XP level 1. HP: 18/18 MP: 1/1
    87 | D:1      | Reached skill level 2 in Axes
   119 | D:1      | Gained mutation: You have a pair of small antennae on your
                  | head. [demonic ancestry]
   119 | D:1      | Reached XP level 2. HP: 24/24 MP: 2/2
   278 | D:1      | Reached skill level 3 in Axes
   510 | D:1      | Gained mutation: You have a pair of antennae on your head.
                  | [demonic ancestry]
   510 | D:1      | Reached XP level 3. HP: 28/29 MP: 3/3
   565 | D:1      | Found a faded altar of an unknown god.
  1367 | D:2      | Gained mutation: You have a pair of large antennae on your
                  | head. (SInv) [demonic ancestry]
  1367 | D:2      | Reached XP level 4. HP: 35/35 MP: 4/4
  1544 | D:3      | Reached skill level 4 in Axes
  1607 | D:3      | Identified the +1 ring mail of the Cockroach {rCorr Dex-3
                  | Slay-6 Stlth+}
  2284 | D:4      | Reached XP level 5. HP: 40/41 MP: 5/5
  2504 | D:4      | Reached skill level 5 in Axes
  2938 | D:5      | Entered Level 5 of the Dungeon
  2938 | D:5      | Noticed a phantom
  2960 | D:5      | Killed a phantom
  3083 | D:5      | Noticed a black bear
  3087 | D:5      | Reached XP level 6. HP: 47/47 MP: 6/6
  3097 | D:5      | Reached skill level 6 in Axes
  3414 | D:5      | Reached skill level 7 in Axes
  3414 | D:5      | Gained mutation: A weak demonic guardian rushes to your
                  | aid. [demonic ancestry]
  3414 | D:5      | Reached XP level 7. HP: 52/52 MP: 7/7
  3422 | D:5      | Quit the game

Illustrated notes

Levels and vault maps discovered:
D:1:      erik_arrival_orb_chamber, layout_loops_cross,
          ebering_ecumenical_altar_hall, chequers_big_river, st_stairs_14,
          columned_hall_lemuel, minmay_octomino_c4
D:2:      layout_basic, minmay_pentomino_pile
D:3:      layout_rooms, kennysheep_generic_room_11
D:4:      layout_basic, serial_bayou_crossing
D:5:      minmay_thinvault, layout_basic, st_stairs_5, roderic_roman_lattice,
          fountainhead, feat_on_display, uniq_eustachio, uniq_menkaure

Skill      XL: |  1  2  3  4  5  6 |
---------------+-------------------+-----
Axes           | 2 3 4 5 7 |  7.0
Fighting       | |  3.0
Armour         | |  2.6
Shields        | |  2.6

Action                     |  1- 3 |  4- 6 |  7- 9 || total
---------------------------+-------+-------+-------++-------
  Melee: War axe           |   123 |   139 |       ||   262
 Armour: Scale mail        |    78 |   120 |       ||   198
  Dodge: Dodged            |    65 |    78 |       ||   143
  Block: Buckler           |    31 |    25 |       ||    56

Table legend: (Time is in decaauts)
 A = Elapsed time spent in this place.
 B = Non-inter-level travel time spent in this place.
 C = Inter-level travel time spent in this place.
 D = Time resting spent in this place.
 E = Time spent auto-exploring this place.
 F = Levels seen in this place.
 G = Mean time per level.
                   A        B        C        D        E       F      G
               +--------+--------+--------+--------+--------+-----+--------+
         Total |   3526 |   3299 |    227 |      0 |   2631 |   5 |  705.2 |
       Dungeon |   3526 |   3299 |    227 |      0 |   2631 |   5 |  705.2 |
               +--------+--------+--------+--------+--------+-----+--------+

Top non-repeatable levels by time:
     D:1: 1014 daAuts
     D:2: 866 daAuts
     D:4: 726 daAuts
     D:5: 499 daAuts
     D:3: 419 daAuts
